 Dungeon Crawl Stone Soup version 0.23.2-1-ga50397a (webtiles) character file.

Game seed: 2229044596346186253

42341 whitewolfNL the Brawler (level 13, -6/133 HPs)
             Began as a Troll Berserker on May 3, 2019.
             Was a High Priest of Trog.
             Mangled by a death yak (19 damage)
             ... on level 5 of the Lair of Beasts.
             The game lasted 01:43:50 (16001 turns).

whitewolfNL the Brawler (Troll Berserker)          Turns: 16001, Time: 01:43:50

Health: -6/133     AC: 12    Str: 29    XL:     13   Next: 84%
Magic:  0/15       EV: 14    Int:  3    God:    Trog [*****.]
Gold:   770        SH:  0    Dex: 12    Spells: 12/12 levels left

rFire    . . .     SeeInvis .     - Unarmed
rCold    . . .     Gourm    +   (no shield)
rNeg     . . .     Faith    .   F - +2 robe {MR+}
rPois    +         Spirit   +   B - +2 hat
rElec    +         Reflect  .   L - +1 cloak
rCorr    .         Harm     .   (gloves unavailable)
MR       +....                  (boots unavailable)
Stlth    +++.......             e - amulet of guardian spirit
HPRegen  0.72/turn              D - ring of stealth
MPRegen  0.14/turn              (no ring)

@: berserk cooldown, slowed, very slow
A: large, unfitting armour, claws 3, fast metabolism 3, gourmand, poison
resistance, regeneration 1, shaggy fur 1, electricity resistance, tough skin 3
a: Berserk, Trog's Hand, Brothers in Arms, Renounce Religion


You were on level 5 of the Lair of Beasts.
You worshipped Trog.
Trog was extremely pleased with you.
You were not hungry.

You visited 3 branches of the dungeon, and saw 17 of its levels.

You collected 898 gold pieces.
You spent 128 gold pieces at shops.

Inventory:

Hand Weapons
 n - a +4 triple crossbow of flaming
 x - the +7 dagger of Fear {flame, rN+}
   (You found it on level 4 of the Dungeon)

   It has been specially enchanted to burn those struck by it, causing extra
   injury to most foes and up to half again as much damage against particularly
   susceptible opponents.
   It protects you from negative energy.
 E - a +2 scimitar of flaming
 K - the +10 long sword "Aciepem" {slice, Str+6}
   (You found it on level 2 of the Lair of Beasts)

   It inflicts extra damage upon your enemies.
   It affects your strength (+6).
 S - the +11 arbalest "Beetlebane" {penet, Dex+5}
   (Trog gifted it to you on level 5 of the Lair of Beasts)

   Ammo fired by it will pass through the targets it hits, potentially hitting
   all targets in its path until it reaches maximum range.
   It affects your dexterity (+5).
Missiles
 j - 55 poisoned needles
 k - 201 arrows
 m - 8 needles of sleeping
 J - 73 bolts
 R - 3 javelins of returning (quivered)
Armour
 t - a +2 robe of cold resistance
 w - a scarf of cloud immunity
 B - a +2 hat (worn)
 F - a +2 robe of magic resistance (worn)
 L - a +1 cloak (worn)
Jewellery
 e - an amulet of guardian spirit (around neck)
 f - an uncursed ring of ice
 D - a ring of stealth (left claw)
 O - an uncursed ring of protection from fire {unknown}
Wands
 i - a wand of iceblast (9)
 o - a wand of digging (15)
 u - a wand of disintegration (29)
 A - a wand of acid (11)
Scrolls
 c - 3 scrolls of enchant armour
 d - 3 scrolls of immolation
 g - 3 scrolls of enchant weapon
 p - 8 scrolls of remove curse
 s - a scroll of fog {unknown}
 v - 4 scrolls of blinking {unknown}
 y - a scroll of torment {unknown}
 Q - a scroll of vulnerability {unknown}
 T - a scroll of holy word {unknown}
 W - 3 scrolls of identify
Potions
 h - a potion of mutation
 l - 3 potions of curing
 q - 2 potions of brilliance
 r - 2 potions of flight
 z - 5 potions of lignification
 H - a potion of cancellation
 I - a potion of ambrosia {unknown}
 P - a potion of magic {unknown}
Miscellaneous
 M - a lightning rod (1/4)
Comestibles
 a - 15 chunks of flesh
 b - 34 rations


   Skills:
 * Level 10.1 Fighting
 - Level 1.3(1.4) Short Blades
 - Level 0.2(1.0) Long Blades
 - Level 1.0 Crossbows
 - Level 7.0 Throwing
 + Level 9.1 Dodging
 - Level 2.0 Stealth
 + Level 15.3 Unarmed Combat
 - Level 4.0 Evocations


You had 12 spell levels left.
You didn't know any spells.
Your spell library was empty.

Dungeon Overview and Level Annotations

Branches:
Dungeon (10/15)            Temple (1/1) D:5            Lair (6/6) D:10
  Swamp (0/4) Lair:3        Snake (0/4) Lair:3        Slime (0/5) Lair:5
    Orc: D:9-12

Altars:
Ashenzari
Cheibriados
Dithmenos
Elyvilon
Fedhas
Gozag
Hepliaklqana
Kikubaaqudgha
Makhleb
Nemelex Xobeh
Okawaru
Qazlal
Ru
Sif Muna
Trog
Uskayaw
Vehumet
Wu Jian
Xom
Yredelemnul
Zin
The Shining One

Shops:
D:5 }   D:7 (   D:8 ?


Innate Abilities, Weirdness & Mutations

You are too large for most types of armour.
You have claws for hands.
Your metabolism is lightning-fast.
You like to eat raw meat.
Your natural rate of healing is unusually fast.
You are covered in fur. (AC +1)
You have extremely tough skin. (AC +3)
Your system is resistant to poisons. (rPois)
You are resistant to electric shocks. (rElec)


Message History

The death yak gores you!
There is a stone staircase leading up, spattered with blood here.
You see here a spiny frog skeleton.
The death yak closely misses you. The death yak gores you!
The death yak gores you.
* * * LOW HITPOINT WARNING * * *
The death yak gores you!
* * * LOW HITPOINT WARNING * * *
You climb upwards.
There is a stone staircase leading down here.
You feel better. The death yak gores you.
* * * LOW HITPOINT WARNING * * *
The death yak gores you!
* * * LOW HITPOINT WARNING * * *
You scratch the death yak but do no damage.
The death yak is lightly wounded.
The death yak gores you!
* * * LOW HITPOINT WARNING * * *
The death yak gores you!!
You die...

##### #P..####
##..##.###
##.......@#
#P......YY#
#P.....<..####
##........##.#
##........PP.###
#..............#
##..##........##
#..###....##.P#
#........##...##


You could see 2 death yaks.

Vanquished Creatures
  Gastronok (Lair:1)
  Fannar (Lair:3)
  5 hydras
  Harold (D:10)
  Erica (D:8)
  A two-headed ogre (D:10)
  3 death yaks
  Urug (Lair:4)
  2 unseen horrors
  Pikel (D:8)
  A deep elf mage (D:7)
  3 black mambas
  7 elephants
  8 spiny frogs
  3 torpor snails
  6 komodo dragons
  3 trolls
  A polar bear (Lair:4)
  A hornet (D:6)
  A merfolk (D:9)
  Prince Ribbit (D:8)
  5 hippogriffs
  3 slime creatures (Lair:5)
  19 blink frogs
  9 dream sheep (Lair:6)
  24 yaks
  4 wyverns
  Grum (D:9)
  2 basilisks
  A steam dragon (Lair:6)
  2 swamp worms (Lair:3)
  16 water moccasins
  13 porcupines
  An ice beast (D:9)
  3 orc warriors
  3 sky beasts
  4 black bears
  6 ogres
  2 phantoms
  4 wolves
  9 crocodiles
  6 centaurs
  20 bullfrogs
  7 scorpions
  5 howler monkeys
  2 electric eels
  2 crimson imps
  5 hounds
  3 orc priests
  A bullfrog skeleton (D:9)
  7 jellies
  9 orc wizards
  A gnoll shaman (D:6)
  4 iguanas
  8 worker ants
  A killer bee zombie (D:10)
  A howler monkey skeleton (D:9)
  5 gnolls
  14 adders
  A river rat (Lair:4)
  A shadow imp (D:5)
  4 oozes
  An adder zombie (D:9)
  An adder skeleton (D:4)
  2 worms (D:2)
  2 dart slugs (D:1)
  9 leopard geckos
  27 orcs
  7 giant cockroaches
  8 goblins
  12 hobgoblins
  2 jackals (D:1)
  2 quokkas
  2 ball pythons
  11 bats
  4 frilled lizards
  2 jackal skeletons
  5 kobolds
  2 quokka zombies (D:9)
  16 rats
  2 plants
407 creatures vanquished.

Vanquished Creatures (others)
  A slave (D:8)
  A crimson imp (D:8)
  A worker ant (D:8)
  31 fungi
  6 plants
40 creatures vanquished.

Grand Total: 447 creatures vanquished

Notes
Turn   | Place    | Note
-------+----------+-------------------------------------------
     0 | D:1      | whitewolfNL the Troll Berserker began the quest for the
                  | Orb.
     0 | D:1      | Reached XP level 1. HP: 22/22 MP: 0/0
   242 | D:1      | Reached XP level 2. HP: 29/29 MP: 1/1
   536 | D:1      | Reached XP level 3. HP: 36/36 MP: 2/2
   537 | D:1      | Reached ** piety under Trog
   963 | D:2      | Reached skill level 1 in Throwing
   964 | D:2      | Reached XP level 4. HP: 32/44 MP: 3/3
  1039 | D:2      | Reached skill level 4 in Unarmed Combat
  1077 | D:2      | Found a basalt altar of Yredelemnul.
  1269 | D:2      | Reached *** piety under Trog
  1988 | D:3      | Reached XP level 5. HP: 52/52 MP: 4/4
  2505 | D:4      | Reached skill level 1 in Stealth
  2813 | D:4      | Got a faintly glowing dagger
  2818 | D:4      | Identified the +7 dagger of Fear {flame, rN+} (You found it
                  | on level 4 of the Dungeon)
  2936 | D:4      | Reached XP level 6. HP: 61/61 MP: 5/5
  3029 | D:4      | Reached skill level 5 in Unarmed Combat
  3186 | D:5      | Entered Level 5 of the Dungeon
  3255 | D:5      | Reached **** piety under Trog
  3263 | D:5      | Received a gift from Trog
  3308 | D:5      | Reached XP level 7. HP: 59/67 MP: 6/6
  3371 | D:5      | Found Daklel's Gadget Shoppe.
  3378 | D:5      | Reached skill level 1 in Short Blades
  3483 | D:5      | Found a staircase to the Ecumenical Temple.
  3529 | Temple   | Entered the Ecumenical Temple
  4228 | D:5      | Reached XP level 8. HP: 77/78 MP: 7/7
  4561 | D:6      | Reached skill level 1 in Evocations
  4772 | D:6      | Noticed a hornet
  4777 | D:6      | Paralysed by a hornet for 2 turns
  4784 | D:6      | Killed a hornet
  4784 | D:6      | Reached skill level 6 in Unarmed Combat
  5262 | D:7      | Found Apuc's Weapon Emporium.
  5604 | D:7      | Found a shattered altar of Ashenzari.
  5604 | D:7      | Noticed a deep elf mage
  5611 | D:7      | Killed a deep elf mage
  5611 | D:7      | Reached skill level 7 in Unarmed Combat
  5611 | D:7      | Reached XP level 9. HP: 87/87 MP: 9/9
  6018 | D:7      | Reached skill level 5 in Fighting
  6250 | D:8      | Found Iziuwum's Magic Scroll Boutique.
  6274 | D:8      | Bought a scroll of identify for 32 gold pieces
  6274 | D:8      | Bought a scroll of identify for 32 gold pieces
  6274 | D:8      | Bought a scroll of identify for 32 gold pieces
  6274 | D:8      | Bought a scroll of identify for 32 gold pieces
  6282 | D:8      | Noticed Pikel
  6290 | D:8      | Noticed Prince Ribbit
  6297 | D:8      | Killed Pikel
  6297 | D:8      | Reached skill level 5 in Dodging
  6309 | D:8      | Reached skill level 8 in Unarmed Combat
  6471 | D:8      | Killed Prince Ribbit
  6471 | D:8      | Reached skill level 5 in Throwing
  6507 | D:8      | Noticed Erica
  6536 | D:8      | Killed Erica
  6536 | D:8      | Reached XP level 10. HP: 96/96 MP: 11/11
  6537 | D:8      | Reached skill level 9 in Unarmed Combat
  6866 | D:8      | Reached ***** piety under Trog
  7074 | D:9      | Noticed Grum
  7090 | D:9      | Killed Grum
  7394 | D:9      | Reached skill level 10 in Unarmed Combat
  7686 | D:9      | Killed an unseen horror
  8094 | D:10     | Entered Level 10 of the Dungeon
  8332 | D:10     | Found a staircase to the Lair.
  8344 | D:10     | Received a gift from Trog
  8375 | D:10     | Reached XP level 11. HP: 107/107 MP: 12/12
  8379 | D:10     | Reached skill level 11 in Unarmed Combat
  8493 | D:10     | Noticed Harold
  8502 | D:10     | Killed Harold
  8564 | D:10     | Noticed a two-headed ogre
  8576 | D:10     | Killed a two-headed ogre
  8686 | D:10     | Killed an unseen horror
  9426 | Lair:1   | Entered Level 1 of the Lair of Beasts
  9562 | Lair:1   | Reached skill level 12 in Unarmed Combat
  9706 | Lair:1   | Found a glowing silver altar of Zin.
  9904 | Lair:1   | Noticed Gastronok
  9941 | Lair:1   | Killed Gastronok
 10236 | Lair:1   | Found a hazy altar of Hepliaklqana.
 10456 | Lair:2   | Got a smoking long sword
 10457 | Lair:2   | Identified the +10 long sword "Aciepem" {slice, Str+6} (You
                  | found it on level 2 of the Lair of Beasts)
 10514 | Lair:1   | Reached XP level 12. HP: 32/118 MP: 6/13
 11015 | Lair:2   | Reached skill level 13 in Unarmed Combat
 11019 | Lair:2   | Noticed a death yak
 11032 | Lair:2   | Killed a death yak
 11033 | Lair:2   | Received a gift from Trog
 11736 | Lair:3   | Noticed a six-headed hydra
 11753 | Lair:3   | Killed a six-headed hydra
 12013 | Lair:3   | Found a staircase to the Snake Pit.
 12066 | Lair:3   | Received a gift from Trog
 12466 | Lair:3   | Noticed an eight-headed hydra
 12483 | Lair:3   | Killed a four-headed hydra
 12483 | Lair:3   | Reached skill level 14 in Unarmed Combat
 12674 | Lair:3   | Noticed Fannar
 12698 | Lair:3   | Killed Fannar
 13210 | Lair:3   | Noticed a four-headed hydra
 13221 | Lair:3   | Killed a one-headed hydra
 13255 | Lair:3   | Found a staircase to the Swamp.
 13403 | Lair:4   | Noticed Urug
 13415 | Lair:4   | Killed Urug
 13415 | Lair:4   | Reached XP level 13. HP: 122/128 MP: 10/15
 14139 | Lair:4   | Gained mutation: Your system is resistant to poisons.
                  | (rPois) [potion of mutation]
 14139 | Lair:4   | Gained mutation: You are resistant to electric shocks.
                  | (rElec) [potion of mutation]
 14474 | Lair:5   | Found a staircase to the Slime Pits.
 14518 | Lair:5   | Received a gift from Trog
 14527 | Lair:5   | Got a jewelled arbalest {god gift}
 14536 | Lair:5   | Identified the +11 arbalest "Beetlebane" {penet, Dex+5}
                  | (Trog gifted it to you on level 5 of the Lair of Beasts)
 14904 | Lair:6   | Entered Level 6 of the Lair of Beasts
 14978 | Lair:6   | Reached skill level 15 in Unarmed Combat
 15004 | Lair:6   | Reached skill level 1 in Crossbows
 15901 | Lair:6   | Reached skill level 10 in Fighting
 16001 | Lair:5   | Mangled by a death yak

Skill      XL: |  1  2  3  4  5  6  7  8  9 10 11 12 13 |
---------------+----------------------------------------+-----
Throwing       | 1 2 3 4 5 6 7 |  7.0
Unarmed Combat | 4 5 7 8 10 12 14 15 | 15.3
Dodging        | 3 4 5 6 7 8 9 |  9.1
Fighting       | 3 4 5 6 7 8 10 | 10.1
Stealth        | 1 2 |  2.0
Short Blades   | 1 |  1.3
Evocations     | 2 3 4 |  4.0
Crossbows      | 1 |  1.0
Long Blades    | |  0.2

Action                   |  1- 3 |  4- 6 |  7- 9 | 10-12 | 13-15 || total
-------------------------+-------+-------+-------+-------+-------++-------
Melee: Unarmed           |    77 |   125 |   166 |   499 |   140 ||  1007
       Dagger            |       |    37 |    25 |     2 |       ||    64
       Punch             |       |     1 |     5 |    42 |    21 ||    69
       Scimitar          |       |       |       |    27 |    75 ||   102
 Fire: Arbalest          |       |       |       |       |     6 ||     6
Throw: Javelin           |       |       |       |    26 |    63 ||    89
       Throwing net      |       |       |       |     4 |     1 ||     5
       Tomahawk          |       |       |       |     2 |     6 ||     8
Invok: Berserk           |     2 |     4 |     9 |    28 |    15 ||    58
Evoke: Wand              |       |       |       |     7 |     9 ||    16
       Lightning rod     |       |       |       |       |     4 ||     4
  Use: Scroll            |       |     1 |    11 |    10 |     4 ||    26
       Potion            |       |       |       |     6 |     5 ||    11
 Stab: Sleeping          |     1 |     3 |     2 |    10 |       ||    16
  Eat: Chunk             |    14 |    27 |    38 |    73 |    37 ||   189
       Ration            |       |       |       |     3 |     1 ||     4
Armor: Animal skin       |    19 |       |       |       |       ||    19
       Robe              |     9 |    57 |    51 |   190 |    82 ||   389
       Skin              |       |       |       |     1 |       ||     1
Dodge: Dodged            |    46 |    82 |   102 |   317 |   165 ||   712
       Rpst.: Scimitar   |       |       |       |     5 |    23 ||    28
